 Dungeon Crawl Stone Soup version 0.25-a0-458-g6fc7858b95 (webtiles) character file.

Game seed: 5132415116336115788, levelgen mode: deterministic

25 Conn the Shooter (level 2, 0/23 HPs)
             Began as a Centaur Arcane Marksman on Feb 2, 2020.
             Slain by a leopard gecko (3 damage)
             ... on level 1 of the Dungeon.
             The game lasted 00:03:37 (308 turns).

Conn the Shooter (Centaur Arcane Marksman)           Turns: 308, Time: 00:03:38

Health: 0/23       AC:  4    Str: 12    XL:     2   Next: 86%
Magic:  3/3        EV:  9    Int: 12    God:
Gold:   13         SH:  0    Dex:  9    Spells: 2/3 levels left

rFire    . . .     SeeInvis .   (no weapon)
rCold    . . .     Gourm    .   (no shield)
rNeg     . . .     Faith    .   g - +0 leather armour
rPois    .         Spirit   .   (no helmet)
rElec    .         Reflect  .   (no cloak)
rCorr    .         Harm     .   (no gloves)
MR       .....                  (no barding)
Stlth    ..........             (no amulet)
HPRegen  0.07/turn              (no ring)
MPRegen  0.08/turn              (no ring)

@: very quick
A: large, hooves 3, deformed body, speed 2, tough skin 3
a: no special abilities


You were on level 1 of the Dungeon.
You were not hungry.

You visited 1 branch of the dungeon, and saw 2 of its levels.

You collected 13 gold pieces.

Inventory:

Hand Weapons
 a - a +0 shortbow
Armour
 e - a +0 robe
 g - a +0 leather armour (worn)
Comestibles
 c - 4 chunks of flesh
 f - a ration


   Skills:
 + Level 1.1 Fighting
 * Level 4.5 Bows
 - Level 1.3 Dodging
 - Level 1.0 Spellcasting
 - Level 2.6 Hexes


You had 2 spell levels left.
You knew the following spells:

 Your Spells              Type           Power        Failure   Level  Hunger
a - Corona                Hex            #......      13%         1    ##.....

Your spell library contained the following spells:

 Spells                   Type           Power        Failure   Level  Hunger
 Slow                     Hex            #.......     19%         2    ###....
 Inner Flame              Hex/Fire       #.......     54%         3    ####...
 Portal Projectile        Hex/Tloc       #.....       54%         3    ####...
 Cause Fear               Hex            #.........   77%         4    #####..
 Leda's Liquefaction      Hex/Erth       #.........   91%         4    #####..


Dungeon Overview and Level Annotations

Branches:
Dungeon (2/15)

Altars:


Innate Abilities, Weirdness & Mutations

You have hooves in place of feet.
Armour fits poorly on your strangely shaped body.
You cover ground very quickly.
You have extremely tough skin. (AC +3)


Message History

There is a stone staircase leading down, spattered with blood here.
The goblin shouts!
You hear a shout!
A kobold comes into view. It is wielding a +0 club.
A leopard gecko comes into view.
The leopard gecko hisses angrily.
You are now empty-handed.
You hit the kobold but do no damage. You kick the kobold.
You kill the kobold!
You barely miss the leopard gecko.
A goblin comes into view. It is wielding a +0 club.
The leopard gecko bites you but does no damage.
The ooze hits you but does no damage.
You aren't carrying any potions.
As you read the scroll labeled IPEEPPY VAOZOR, it crumbles to dust.
It is a scroll of identify.
You don't have any unidentified items.
The leopard gecko barely misses you. The ooze hits you.
* * * LOW HITPOINT WARNING * * *
You miss the leopard gecko. The leopard gecko bites you.
You die...

.# .#.. ..#...# #...#...#..
...#...#...# ..#...#...#..
###### .#...#...#...#
##.....######g...#...#...#..
#.........J@l..#...#...#...#
........g#####...#...#...#..
.........###.g.#...#...#...#
.................#...#...#..
.......>.##........#..รท#...#
.........##..........#...#..
.........##......).....#.J.#
..........#..............#..
..........#...............#.


You could see an ooze, a leopard gecko and 2 goblins.

Vanquished Creatures
  3 leopard geckos (D:1)
  A ball python (D:1)
  A giant cockroach (D:1)
  3 goblins (D:1)
  A hobgoblin (D:1)
  4 jackals (D:1)
  2 bats (D:1)
  A frilled lizard (D:1)
  2 kobolds (D:1)
  2 rats (D:1)
20 creatures vanquished.

Notes
Turn   | Place    | Note
-------+----------+-------------------------------------------
     0 | D:1      | Conn the Centaur Arcane Marksman began the quest for the
                  | Orb.
     0 | D:1      | Reached XP level 1. HP: 16/16 MP: 2/2
    31 | D:1      | Reached skill level 3 in Bows
    95 | D:1      | Reached XP level 2. HP: 14/23 MP: 3/3
   105 | D:1      | Reached skill level 4 in Bows
   308 | D:1      | Slain by a leopard gecko

Levels and vault maps discovered:
D:1:      psy_arrival_dodecagon, layout_rooms, hex_large, serial_bayou_pond_c
D:2:      layout_rooms, first_ration

Skill      XL: |  1  2 |
---------------+-------+-----
Bows           | 3 4 |  4.5
Fighting       | |  1.1
Dodging        | |  1.3
Spellcasting   | |  1.0
Hexes          | |  2.6

Action                   || total
-------------------------++-------
Melee: Unarmed           ||    40
       Kick              ||     5
 Fire: Shortbow          ||    30
  Use: Scroll            ||     2
       Potion            ||     1
Armor: Robe              ||    24
       Skin              ||    42
       Leather armour    ||     3
Dodge: Dodged            ||    42

Table legend:
 A = Non-vault XP
 B = Vault XP
 C = Vault XP percentage of total XP
 D = Non-vault monster count
 E = Vault monster count
 F = Vault count percentage of total count
                 A         B        C        D         E       F
            +---------+---------+-------+---------+---------+-------
      Total |      37 |       0 |   0.0 |      20 |       0 |   0.0
            +---------+---------+-------+---------+---------+-------
        D:1 |      37 |       0 |   0.0 |      20 |       0 |   0.0
            +---------+---------+-------+---------+---------+-------
